Map: Pillars of Gold LE

Players

LiquidClem (Clem) - Winner!

  • Race: Terran Terran
  • Spawn Location: 7:00

cure

  • Race: Terran Terran
  • Spawn Location: 1:00

Event: StayAtHomestory Cup #2

VOD

Have the link to the VOD?

Description

Time

  • Played on: June 12, 2020, 2:13 p.m.
  • Length: 4:39

All games in this series

Show
View Real Time Build Order
Export as new Build Order

LiquidClem Terran - Winner!

Build Orders: Gas First Reaper Expand, Hellion Opening 

Get SALT Encoding   

  12  0:00  SCV  
  13  0:12  SCV  
  14  0:18  Supply Depot  
  14  0:24  SCV  
  15  0:30  Refinery  
  15  0:39  SCV  
  16  0:45  Barracks  
  16  0:51  SCV  
  17  1:03  SCV  
  18  1:15  SCV  
  19  1:32  Orbital Command  
  19  1:33  Reaper  
  20  1:47  Command Center  
  20  1:59  Factory  
  20  2:03  SCV  
  20  2:07  Barracks Reactor  
  21  2:15  SCV  
  22  2:16  Supply Depot  
  22  2:23  Refinery  
  22  2:27  SCV  
  23  2:39  SCV  
  23  2:47  Starport  
  23  2:50  Hellion x2  
  27  2:52  Barracks Tech Lab  
  27  2:56  SCV  
  28  3:06  Orbital Command  
  28  3:08  SCV  
  29  3:14  Marauder  
  29  3:19  Hellion  
  33  3:24  Hellion  
  35  3:30  Medivac  
  35  3:32  Concussive Shells  
  37  3:38  Marauder  
  38  3:52  Hellion x2  
  38  3:55  Supply Depot  
  41  3:56  SCV  
  41  3:58  SCV  
  45  4:10  SCV  
  45  4:16  SCV  
  47  4:20  Supply Depot  
Show
View Real Time Build Order
Export as new Build Order

cure Terran 

Build Orders:  

Get SALT Encoding   

  12  0:01  SCV  
  13  0:13  SCV  
  14  0:18  Supply Depot  
  14  0:25  SCV  
  15  0:29  Refinery  
  15  0:39  SCV  
  16  0:46  Barracks  
  16  0:52  SCV  
  17  0:58  Refinery  
  17  1:04  SCV  
  18  1:16  SCV  
  19  1:32  Orbital Command  
  19  1:34  Factory  
  19  1:37  Reaper  
  20  1:51  Supply Depot  
  20  1:59  SCV  
  21  2:09  Reaper  
  21  2:11  SCV  
  23  2:17  Hellion  
  25  2:23  SCV  
  26  2:35  SCV  
  27  2:43  Hellion, Reaper  
  29  2:47  SCV  
  29  2:48  Command Center  
  29  2:53  Supply Depot  
  29  3:01  Starport  
  29  3:04  SCV  
  30  3:09  Factory Tech Lab  
  30  3:15  Barracks Tech Lab  
  30  3:16  SCV  
  31  3:28  SCV, Cyclone  
  35  3:35  Refinery  
  35  3:40  SCV  
  36  3:52  SCV  
  36  3:54  Barracks Reactor  
  35  4:00  Siege Tank, Orbital Command  
  34  4:04  SCV  
  37  4:16  SCV  
  38  4:23  Command Center  
Tags
 
Add a new tag
Caveats
  • Supply blocks, unpowered buildings, or Contaminate may cause inaccurate times.
  • Supply counts are checked every 10 seconds.